 Dungeon Crawl Stone Soup version 0.22.0-6-g71bd7aa (webtiles) character file.

7908 Amnesiac the Thaumaturge (level 11, -1/68 HPs)
             Began as a Mummy Air Elementalist on Aug 14, 2018.
             Was a High Priest of Dithmenos.
             Slain by an orc warrior
             ... wielding a +0 flail
              (22 damage)
             ... on level 1 of the Orcish Mines.
             The game lasted 00:24:04 (13541 turns).

Amnesiac the Thaumaturge (Mummy Air Elementalist)  Turns: 13541, Time: 00:24:05

Health: -1/68      AC: 18    Str: 12    XL:     11   Next: 2%
Magic:  14/26      EV: 12    Int: 17    God:    Dithmenos [*****.]
Gold:   585        SH:  0    Dex: 17    Spells: 16/32 levels left

rFire    x . .     SeeInvis .   b - +6 quarterstaff of Upheaval {protect, MR+}
rCold    + . .     Gourm    .   (shield currently unavailable)
rNeg     + + +     Faith    .   l - +3 leather armour {rPois}
rPois    ∞         Spirit   .   (no helmet)
rElec    .         Reflect  .   w - +0 cloak
rCorr    .         Harm     .   (no gloves)
MR       ++...                  x - +0 pair of boots
Stlth    +++.......             (no amulet)
HPRegen  0.21/turn              n - +4 ring of dexterity
MPRegen  0.20/turn              v - +3 ring of protection

@: protection aura, very slightly contaminated, wreathed by umbra
A: no food or potions, fire vulnerability, cold resistance 1, negative energy
resistance 3, torment resistance, unbreathing
a: Shadow Step, Shadow Form, Renounce Religion


You were on level 1 of the Orcish Mines.
You worshipped Dithmenos.
Dithmenos was extremely pleased with you.
You were not hungry.

You visited 3 branches of the dungeon, and saw 12 of its levels.
You also visited: Ossuary.

You collected 585 gold pieces.

Inventory:

Hand Weapons
 b - the +6 quarterstaff of Upheaval (weapon) {protect, MR+}
   (You found it on level 4 of the Dungeon)

   It protects the one who uses it against injury (+AC on strike).
   It affects your resistance to hostile enchantments.
 j - a +0 dagger of venom
 y - a +3 scimitar of flaming
Missiles
 g - a throwing net (quivered)
Armour
 l - a +3 leather armour of poison resistance (worn)
 w - a +0 cloak (worn)
 x - a +0 pair of boots (worn)
Magical Staves
 a - an uncursed staff of power
Jewellery
 n - a +4 ring of dexterity (left hand)
 v - a +3 ring of protection (right hand)
Wands
 c - a wand of disintegration (18)
 d - a wand of digging (32)
 h - a wand of paralysis (2)
 r - a wand of iceblast (5)
 t - a wand of enslavement (15)
Scrolls
 e - 3 scrolls of remove curse {!r}
 f - a scroll of enchant weapon {!r}
 i - a scroll of amnesia {!r}
 k - 2 scrolls of fog {!r}
 m - 4 scrolls of identify {!r}
 o - a scroll of teleportation {!r}
 p - a scroll of brand weapon {!r}
 q - a scroll of enchant armour {!r, unknown}
 s - a scroll of fear {!r}
 u - a scroll of blinking {!r, unknown}
 z - a scroll of magic mapping {!r, unknown}


   Skills:
 - Level 10.0 Staves
 - Level 1.5 Dodging
 - Level 1.5 Stealth
 - Level 11.0 Spellcasting
 - Level 0.7 Conjurations
 - Level 4.0 Hexes
 + Level 6.1 Air Magic


You had 16 spell levels left.
You knew the following spells:

 Your Spells              Type           Power        Failure   Level  Hunger
a - Airstrike             Air            ####......   8%          4    N/A
b - Invisibility          Hex            ###.....     96%         6    N/A
d - Shock                 Conj/Air       ###.         2%          1    N/A
e - Confuse               Hex            ###.....     5%          3    N/A
z - Swiftness             Chrm/Air       ###.....     4%          2    N/A

Your spell library contained the following spells:

 Spells                   Type           Power        Failure   Level  Hunger
 Magic Dart               Conj           ##..         8%          1    N/A
 Apportation              Tloc           #.....       10%         1    N/A
 Conjure Flame            Conj/Fire      ##......     26%         3    N/A
 Lightning Bolt           Conj/Air       ###.......   54%         5    N/A
 Freezing Cloud           Conj/Ice/Air   ###.......   99%         6    N/A
 Mephitic Cloud           Conj/Pois/Air  ###.....     12%         3    N/A
 Ring of Flames           Chrm/Fire      #.........   100%        7    N/A
 Iskenderun's Mystic Bla  Conj           ##......     58%         4    N/A
 Tukima's Dance           Hex            ###.....     5%          3    N/A
 Ensorcelled Hibernation  Hex/Ice        ###...       6%          2    N/A
 Summon Butterflies       Summ           #.......     10%         1    N/A
 Static Discharge         Conj/Air       ###.....     7%          3    N/A
 Corona                   Hex            ###....      1%          1    N/A
 Alistair's Intoxication  Tmut/Pois      #.......     95%         5    N/A
 Fulminant Prism          Conj/Hex       ###.......   36%         4    N/A
 Dazzling Spray           Conj/Hex       ###...       11%         3    N/A
 Force Lance              Conj/Tloc      ##......     63%         4    N/A
 Searing Ray              Conj           ##....       11%         2    N/A
 Lesser Beckoning         Tloc           #.........   28%         3    N/A
 Poisonous Vapours        Pois/Air       ###...       4%          2    N/A

Dungeon Overview and Level Annotations

Branches:
Dungeon (10/15)            Temple (1/1) D:6             Orc (1/2) D:9
   Lair: D:8-11

Altars:
Ashenzari
Cheibriados
Dithmenos
Elyvilon
Fedhas
Gozag
Hepliaklqana
Kikubaaqudgha
Makhleb
Nemelex Xobeh
Okawaru
Qazlal
Ru
Sif Muna
Trog
Uskayaw
Vehumet
Wu Jian
Xom
Yredelemnul
Zin
The Shining One

Annotations:
D:7 exclusion: slime creature


Innate Abilities, Weirdness & Mutations

You do not eat or drink.
Your flesh is vulnerable to fire.
You are immune to poison.
Your flesh is cold resistant. (rC+)
You are immune to negative energy. (rN+++)
You are immune to unholy pain and torment.
You can survive without breathing.


Message History

The orc is almost dead.
The zap hits the orc.
You kill the orc!
Dithmenos accepts your kill.
The zap hits the orc priest.
You kill the orc priest!
Dithmenos accepts your kill.
Your shadow mimicks your spell!
The shadow bolt hits the orc warrior.
Casting: Shock (safe; 2% risk of failure)
Confirm with . or Enter, or press ? or * to list all spells.
Aiming: Shock (safe; 2% risk of failure)
Press: ? - help, Shift-Dir - straight line The zap misses the orc warrior.
The orc warrior hits you but does no damage.
Casting: Shock (safe; 2% risk of failure)
Confirm with . or Enter, or press ? or * to list all spells.
Aiming: Shock (safe; 2% risk of failure)
Press: ? - help, Shift-Dir - straight line The zap hits the orc warrior.
The orc warrior is heavily wounded.
The zap hits the orc.
The orc is severely wounded.
The zap misses the orc.
The orc warrior misses you.
Casting: Shock (safe; 2% risk of failure)
Confirm with . or Enter, or press ? or * to list all spells.
Aiming: Shock (safe; 2% risk of failure)
Press: ? - help, Shift-Dir - straight line The zap hits the orc warrior.
The orc warrior appears unharmed.
The orc warrior is heavily wounded.
Casting: Shock (safe; 2% risk of failure)
Confirm with . or Enter, or press ? or * to list all spells.
Aiming: Shock (safe; 2% risk of failure)
Press: ? - help, Shift-Dir - straight line The zap misses the orc warrior.
The zap hits the orc.
You kill the orc!
Dithmenos accepts your kill. The orc warrior hits you with a flail.
* * * LOW HITPOINT WARNING * * *
Casting: Shock (safe; 2% risk of failure)
Confirm with . or Enter, or press ? or * to list all spells.
Aiming: Shock (safe; 2% risk of failure)
Press: ? - help, Shift-Dir - straight line You miscast Shock.
Nothing appears to happen.
The orc warrior complains loudly, as Orcs often do.
The orc warrior hits you with a flail!
* * * LOW HITPOINT WARNING * * *
You feel your magic capacity decrease.
The +6 quarterstaff of Upheaval {protect, MR+} hums with potential!
b - the +6 quarterstaff of Upheaval (weapon)
{protect, MR+} You hit the orc warrior but do no damage.
Your weapon exudes an aura of protection.
The orc warrior is heavily wounded.
The orc warrior closely misses you.
Casting: Shock (safe; 2% risk of failure)
Confirm with . or Enter, or press ? or * to list all spells.
Aiming: Shock (safe; 2% risk of failure)
Press: ? - help, Shift-Dir - straight line The zap hits the orc warrior.
The orc warrior is severely wounded.
The zap hits the orc warrior.
The orc warrior is severely wounded.
The orc warrior hits you with a flail!!
You die...

.#.# ...###....#.# ....
..# #...#.....).#....#
###.### .........))#...#
##.....##.....####)....##
#...#.......#..##.......#
#...#.......##......##...#
...###......##......# ...
.### ##..#####..o..## .
..###.#....##...@...#
#..........#............
........#........#.....#
#......###......###....#
.##..### #.....## ...##
.##### ##...## ..## ...##
##.## ## ..#.# ### ..###


You could see an orc warrior.

Vanquished Creatures
  Erica (D:10)
  A two-headed ogre (D:8)
  Pikel (D:5)
  3 slime creatures
  2 hippogriffs
  A shadow (D:9)
  A spriggan (D:9)
  Eustachio (D:6)
  A hungry ghost (D:10)
  Edmund (D:5)
  2 water moccasins
  A warg (Orc:1)
  4 slaves
  2 ice beasts
  6 orc warriors
  A sky beast (D:6)
  3 phantoms
  3 centaurs
  5 ogres
  A crocodile (D:10)
  A big kobold (D:9)
  8 bullfrogs
  7 scorpions
  2 howler monkeys (D:9)
  3 crimson imps
  3 bullfrog zombies
  A centaur zombie (D:7)
  A jelly (D:6)
  8 orc wizards
  A centaur skeleton (D:5)
  4 orc priests
  2 bullfrog skeletons
  7 hounds
  Ijyb (D:3)
  4 iguanas
  9 worker ants
  7 big kobold zombies (Ossuary)
  A hound zombie (D:9)
  A mummy (Ossuary)
  3 gnolls (D:3)
  16 adders
  A shadow imp (D:6)
  A worm (D:2)
  4 dart slugs
  5 leopard geckos
  33 orcs
  6 spectral bats (Ossuary)
  4 giant cockroaches
  5 gnoll zombies (Ossuary)
  9 goblins
  8 hobgoblins
  15 jackals
  5 quokkas
  6 bats
  3 bat simulacra (Ossuary)
  4 frilled lizards
  3 goblin simulacra (Ossuary)
  8 goblin zombies (Ossuary)
  2 hobgoblin zombies (Ossuary)
  2 jackal skeletons
  8 kobolds
  4 kobold simulacra (Ossuary)
  3 kobold zombies (Ossuary)
  A leopard gecko skeleton (D:4)
  5 orc zombies (Ossuary)
  5 rats
  3 rat simulacra (Ossuary)
  2 spectral goblins (Ossuary)
  2 spectral kobolds (Ossuary)
288 creatures vanquished.

Notes
Turn   | Place    | Note
-------+----------+-------------------------------------------
     0 | D:1      | Amnesiac the Mummy Air Elementalist began the quest for the Orb.
     0 | D:1      | Reached XP level 1. HP: 13/13 MP: 4/4
   155 | D:2      | Reached XP level 2. HP: 13/19 MP: 0/5
   329 | D:4      | Found a hazy altar of Hepliaklqana.
   344 | D:4      | Reached skill level 3 in Spellcasting
   374 | D:4      | Reached skill level 4 in Spellcasting
   374 | D:4      | Reached XP level 3. HP: 10/24 MP: 0/8
   567 | D:4      | Found a radiant altar of Vehumet.
   579 | D:5      | Entered Level 5 of the Dungeon
   589 | D:5      | Noticed an ice beast
   636 | D:4      | Killed an ice beast
   636 | D:4      | Reached skill level 5 in Spellcasting
   636 | D:4      | Reached XP level 4. HP: 7/30 MP: 0/11
   636 | D:4      | Reached XP level 5. HP: 8/35 MP: 0/13
   640 | D:4      | Learned a level 2 spell: Swiftness
   645 | D:4      | Learned a level 4 spell: Airstrike
   955 | D:5      | Reached skill level 6 in Spellcasting
  1033 | D:5      | Noticed Edmund
  1247 | D:4      | Noticed an ogre
  1307 | D:4      | Killed an ogre
  1307 | D:4      | Reached skill level 7 in Spellcasting
  1307 | D:4      | Reached XP level 6. HP: 41/41 MP: 8/16
  1444 | D:4      | Reached skill level 8 in Spellcasting
  1490 | D:4      | Got a shimmering quarterstaff
  1495 | D:4      | Identified the +6 quarterstaff of Upheaval {protect, MR+} (You found it on level 4 of the Dungeon)
  1520 | D:4      | You fall through a shaft for 2 floors!
  1521 | D:6      | Noticed an ice beast
  1542 | D:6      | Killed an ice beast
  1542 | D:6      | Reached skill level 9 in Spellcasting
  1542 | D:6      | Reached XP level 7. HP: 10/46 MP: 8/19
  1839 | D:6      | Reached skill level 1 in Staves
  1900 | D:6      | Found a staircase to the Ecumenical Temple.
  1906 | Temple   | Entered the Ecumenical Temple
  2039 | Temple   | Became a worshipper of Dithmenos the Shadowed
  2060 | D:5      | Found a hide-covered altar of Uskayaw.
  2060 | D:5      | Noticed Pikel
  3136 | D:2      | Found a basalt altar of Yredelemnul.
  3192 | D:2      | Reached * piety under Dithmenos
  3678 | D:3      | Noticed Ijyb
  3689 | D:3      | Killed Ijyb
  3957 | D:3      | Reached ** piety under Dithmenos
  3978 | D:3      | Reached XP level 8. HP: 22/52 MP: 21/21
  4151 | D:3      | Found a burning altar of Makhleb.
  4370 | D:4      | Found a deep blue altar of Sif Muna.
  4814 | D:5      | Reached skill level 5 in Staves
  5431 | D:5      | Killed Edmund
  5804 | D:5      | Found a hide-covered altar of Uskayaw.
  5855 | D:5      | Killed Pikel
  5855 | D:5      | Reached skill level 10 in Spellcasting
  5855 | D:5      | Reached XP level 9. HP: 42/57 MP: 2/23
  6144 | D:6      | Noticed Eustachio
  6163 | D:6      | Killed Eustachio
  6484 | D:6      | Reached skill level 11 in Spellcasting
  6837 | D:6      | Found a sacrificial altar of Ru.
  7433 | D:7      | Found a shimmering altar of Xom.
  8864 | D:8      | Reached XP level 10. HP: 18/63 MP: 4/25
  9026 | D:8      | Reached *** piety under Dithmenos
  9051 | D:8      | Found a sand-covered staircase.
  9058 | Ossuary  | Entered an ossuary
  9220 | Ossuary  | Reached **** piety under Dithmenos
  9776 | D:8      | Noticed a two-headed ogre
 10000 | D:9      | Learned a level 3 spell: Confuse
 10208 | D:9      | Reached skill level 1 in Hexes
 10639 | D:8      | Killed a two-headed ogre
 10639 | D:8      | Reached skill level 10 in Staves
 10696 | D:8      | Learned a level 6 spell: Invisibility
 11368 | D:9      | Found a staircase to the Orcish Mines.
 11439 | D:9      | Reached ***** piety under Dithmenos
 11612 | D:9      | Found a shattered altar of Ashenzari.
 12248 | D:10     | Entered Level 10 of the Dungeon
 12578 | D:10     | Found an opulent altar of Gozag.
 12906 | D:10     | Reached skill level 5 in Air Magic
 12972 | D:10     | Noticed Erica
 12977 | D:10     | Killed Erica
 13427 | Orc:1    | Entered Level 1 of the Orcish Mines
 13436 | Orc:1    | Reached XP level 11. HP: 68/68 MP: 21/26
 13541 | Orc:1    | Slain by an orc warrior

Skill      XL: |  1  2  3  4  5  6  7  8  9 10 |
---------------+-------------------------------+-----
Air Magic      | 3 6 |  6.1
Spellcasting   | 4 5 7 9 10 11 | 11.0
Staves         | 4 6 9 10 | 10.0
Hexes          | 4 |  4.0
Dodging        | |  1.5
Stealth        | |  1.5
Conjurations   | |  0.7

Action                   |  1- 3 |  4- 6 |  7- 9 | 10-12 || total
-------------------------+-------+-------+-------+-------++-------
Melee: Mace              |     1 |       |       |       ||     1
       Quarterstaff      |       |     4 |   269 |   226 ||   499
       Staff             |       |       |       |     5 ||     5
 Cast: Shock             |    27 |    53 |    97 |    43 ||   220
       Swiftness         |       |     1 |     2 |     1 ||     4
       Airstrike         |       |     1 |    71 |   116 ||   188
Evoke: Wand              |       |       |     7 |     1 ||     8
  Use: Scroll            |       |       |    11 |     3 ||    14
 Stab: Sleeping          |       |       |     2 |    10 ||    12
       Paralysed         |       |       |     4 |     6 ||    10
       Distracted        |       |       |     1 |     1 ||     2
Armor: Robe              |     3 |     5 |    39 |       ||    47
       Leather armour    |       |       |    57 |    74 ||   131
Dodge: Dodged            |    18 |    23 |   252 |   158 ||   451
